 Dungeon Crawl Stone Soup version 0.28-a0-691-gad6df49e81 (webtiles) character file.

Game seed: 11567945203387893851

1294 KoroneIsBestGirl the Frost Mage (level 8, -8/54 HPs)
             Began as a Barachi Ice Elementalist on Oct 21, 2021.
             Killed by divine providence
             ... invoked by an orc priest
              (9 damage)
             ... on level 6 of the Dungeon.
             The game lasted 00:08:22 (8618 turns).

KoroneIsBestGirl the Frost Mage (BaIE)              Turns: 8618, Time: 00:08:22

Health: -8/54      AC:  3    Str:  9    XL:     8   Next: 56%
Magic:  21/26      EV: 13    Int: 19    God:
Gold:   263        SH:  5    Dex: 12    Spells: 11/19 levels left

rFire   . . .      SeeInvis .   s - +0 flail (drain)
rCold   . . .      Faith    .   m - +0 buckler
rNeg    . . .      Spirit   .   a - +0 robe
rPois   .          Reflect  .   (no helmet)
rElec   .          Harm     .   (no cloak)
rCorr   .          Rampage  .   f - +0 pair of gloves
Will    .....                   (no boots)
Stlth   ++........              (no amulet)
HPRegen 0.18/turn               q - ring of magical power
MPRegen 0.20/turn               (no ring)

@: freezing walls, slow
A: amphibious, slowness 1, strong legs 1, +LOS
a: Hop


You were on level 6 of the Dungeon.
You visited 2 branches of the dungeon, and saw 7 of its levels.

You collected 263 gold pieces.

Inventory:

Hand Weapons
 b - a +0 club
 s - a +0 flail of draining (weapon)
Missiles
 u - 2 throwing nets
Armour
 a - a +0 robe (worn)
 f - a +0 pair of gloves (worn)
 m - a +0 buckler (worn)
Jewellery
 q - a ring of magical power (left hand)
Wands
 w - a wand of iceblast (10)
Scrolls
 d - 2 scrolls of noise {unknown}
 e - 8 scrolls of identify {unknown}
 g - a scroll of vulnerability {unknown}
 i - 2 scrolls of enchant weapon {unknown}
 j - a scroll of acquirement {unknown}
 k - 2 scrolls of fog {unknown}
 l - 2 scrolls of blinking {unknown}
 n - 2 scrolls of teleportation {unknown}
 r - a scroll of amnesia {unknown}
 v - a scroll of magic mapping {unknown}
Potions
 c - 3 potions of curing {unknown}
 h - a potion of berserk rage {unknown}
 o - a potion of resistance {unknown}
 p - 2 potions of might
 t - 2 potions of degeneration {unknown}


   Skills:
 - Level 1.0 Fighting
 - Level 0.5 Maces & Flails
 + Level 5.2 Dodging
 - Level 2.2 Stealth
 - Level 4.0 Shields
 + Level 6.0 Spellcasting
 + Level 8.3 Ice Magic


You had 11 spell levels left.
You knew the following spells:

 Your Spells              Type           Power      Damage    Failure   Level
a - Freeze                Ice            100%       1d11      1%          1
b - Frozen Ramparts       Ice            74%        1d9       1%          3
c - Hailstorm             Conj/Ice       21%        3d6       21%         4

Your spell library contained the following spells:

 Spells                   Type           Power      Damage    Failure   Level
 Ozocubu's Armour         Ice            37%        N/A       1%          3
 Ensorcelled Hibernation  Hex/Ice        42%        N/A       3%          2
 Slow                     Hex            5%         N/A       17%         2
 Static Discharge         Conj/Air       5%         N/A       17%         2
 Confusing Touch          Hex            5%         N/A       32%         3
 Tukima's Dance           Hex            5%         N/A       32%         3
 Dispel Undead            Necr           5%         3d7       73%         4
 Sticky Flame             Conj/Fire      5%         2d3       73%         4
 Yara's Violent Unravell  Hex/Tmut       2%         3d3       97%         5


Dungeon Overview and Level Annotations

Branches:
Dungeon (6/15)             Temple (1/1) D:4

Altars:
Ashenzari
Cheibriados
Dithmenos
Elyvilon
Hepliaklqana
Makhleb
Nemelex Xobeh
Qazlal
Ru
Sif Muna
Vehumet
Wu Jian
Xom
Yredelemnul
Zin

Shops:
D:6 *


Innate Abilities, Weirdness & Mutations

You are amphibious.
You cover ground slowly.
You can hop short distances.
You have an extended range of vision and can be seen from far away.


Message History

Press: ? - help, Shift-Dir - straight line, f - centaur
Aim: a centaur, wielding a +0 shortbow and quivering arrows (moderately wounded)
You freeze the centaur.
The centaur is moderately wounded.
The wall freezes the centaur.
The centaur unwields a +0 shortbow.
The centaur hits you.
* * * LOW HITPOINT WARNING * * *
You block the centaur's attack.
The wall freezes the orc.
The orc priest calls upon Beogh to heal the orc.
The orc's wounds heal themselves!
The wall freezes the centaur.
You block the centaur's attack. The centaur closely misses you.
Casting: Freeze (safe; 1% risk of failure)
Confirm with . or Enter, or press ? or * to list all spells.
Aiming: Freeze (safe; 1% risk of failure)
Press: ? - help, Shift-Dir - straight line, f/p - centaur
Aim: a centaur, quivering arrows (severely wounded)
You freeze the centaur.
The centaur is severely wounded.
The wall freezes the orc.
The wall freezes the centaur.
You kill the centaur!
The wall freezes the orc.
Your Spellcasting skill increases to level 6!
Casting: Freeze (safe; 1% risk of failure)
Confirm with . or Enter, or press ? or * to list all spells.
Aiming: Freeze (safe; 1% risk of failure)
Press: ? - help, Shift-Dir - straight line, f - orc
Aim: an orc, wielding a +0 dagger (moderately wounded)
You freeze the orc!
You kill the orc!
The wall freezes the orc.
You kill the orc!
The wall freezes the orc priest.
The orc priest invokes the aid of Beogh against you.
Beogh smites you!
* * * LOW HITPOINT WARNING * * *
Unknown command.
The wall freezes the orc priest!
The orc priest invokes the aid of Beogh against you.
Beogh smites you!
You die...

#.............#
#...........###
#...........#
#...<.......#
######......)....#
.................#
######..>......).#
#...........#
#..........@#
###########)#
#......o..#
#.........#
#.........#
....?......#
##.........#
#.........#
#.........#


You could see an orc priest.

Vanquished Creatures
  A centaur zombie (D:5)
  A steam dragon (D:5)
  2 ogres
  A centaur (D:6)
  A scorpion (D:3)
  A gnoll sergeant (D:5)
  A howler monkey (D:5)
  A hound (D:5)
  An orc priest (D:6)
  2 centaur skeletons
  A gnoll shaman (D:4)
  An iguana (D:4)
  A scorpion zombie (D:5)
  An orc wizard (D:4)
  A howler monkey zombie (D:5)
  4 adders
  7 gnolls
  An ufetubus (D:5)
  2 dart slugs
  19 orcs
  5 ball pythons
  12 endoplasms
  5 giant cockroaches
  5 goblins
  7 hobgoblins
  2 jackals (D:3)
  3 quokkas
  4 bats (D:1)
  A frilled lizard (D:2)
  3 kobolds
  3 rats
100 creatures vanquished.

Notes
Turn   | Place    | Note
-------+----------+-------------------------------------------
     0 | D:1      | KoroneIsBestGirl the Barachi Ice Elementalist began the
                  | quest for the Orb.
     0 | D:1      | Reached XP level 1. HP: 13/13 MP: 3/3
    80 | D:1      | Reached skill level 5 in Ice Magic
   170 | D:1      | Reached XP level 2. HP: 18/19 MP: 1/5
   620 | D:1      | Reached XP level 3. HP: 19/24 MP: 2/6
  1106 | D:1      | Learned a level 3 spell: Frozen Ramparts
  1107 | D:2      | Found a faded altar of an unknown god.
  1121 | D:2      | Prayed at the altar of an unknown god.
  1121 | D:2      | Became a worshipper of Ru the Awakened
  1133 | D:2      | Fell from the grace of Ru
  1547 | D:2      | Reached XP level 4. HP: 18/31 MP: 2/8
  2209 | D:3      | Noticed an ogre
  2214 | D:3      | Noticed a scorpion
  2220 | D:3      | Killed a scorpion
  2221 | D:3      | Reached skill level 6 in Ice Magic
  2221 | D:3      | Reached XP level 5. HP: 36/36 MP: 3/10
  2241 | D:3      | Killed an ogre
  2668 | D:3      | Reached XP level 6. HP: 42/42 MP: 8/12
  3002 | D:4      | Reached skill level 1 in Fighting
  3139 | D:4      | Reached skill level 1 in Shields
  3688 | D:4      | Found a staircase to the Ecumenical Temple.
  3696 | Temple   | Entered the Ecumenical Temple
  3975 | D:4      | Learned a level 4 spell: Hailstorm
  4284 | D:5      | Entered Level 5 of the Dungeon
  5876 | D:5      | Reached skill level 7 in Ice Magic
  5876 | D:5      | Reached XP level 7. HP: 39/48 MP: 14/14
  6460 | D:5      | Reached skill level 5 in Spellcasting
  7018 | D:5      | Reached XP level 8. HP: 20/54 MP: 14/15
  8241 | D:6      | Found Ystoz's Mayhem Merchandise.
  8248 | D:5      | Reached skill level 8 in Ice Magic
  8614 | D:6      | Reached skill level 5 in Dodging
  8617 | D:6      | HP: 1/54 [orc priest/divine providence (10)]
  8618 | D:6      | Killed from afar by an orc priest

Illustrated notes

Levels and vault maps discovered:
D:1:      lightli_arrival_chessboard, layout_loops_ring, hangedman_decor_push
D:2:      layout_rooms, ebering_ecumenical_altar_webs, grunt_decor_fettered,
          minivault_23, serial_park_tiny_1, chequers_serial_rivers_room_b,
          minmay_misc_feat_tower, grunt_decor_mini_mirrors
D:3:      layout_loops_ring
D:4:      layout_basic, minmay_temple_entry_ruins
D:5:      layout_layer_cave
D:6:      layout_basic, nicolae_overflow_hidden_temple, serial_shops, shop,
          minmay_shop_mayhem, serial_park_tiny_2, kennysheep_opposing_triangles
Temple:   dpeg_chambers_temple

Skill      XL: |  1  2  3  4  5  6  7  8 |
---------------+-------------------------+-----
Ice Magic      | 5 6 7 8 |  8.3
Stealth        | 2 |  2.2
Spellcasting   | 3 4 5 6 |  6.0
Fighting       | 1 |  1.0
Shields        | 3 4 |  4.0
Dodging        | 3 4 5 |  5.2
Maces & Flails | |  0.5

Action                   |  1- 3 |  4- 6 |  7- 9 || total
-------------------------+-------+-------+-------++-------
Melee: Club              |    18 |    25 |       ||    43
       Unarmed           |     1 |       |       ||     1
       Flail             |       |    16 |    41 ||    57
 Cast: Freeze            |    54 |    45 |    36 ||   135
       Frozen Ramparts   |       |     3 |     7 ||    10
Invok: Renounce Religion |     1 |       |       ||     1
 Stab: Sleeping          |     1 |       |       ||     1
Armor: Robe              |    11 |    59 |    19 ||    89
Dodge: Dodged            |    46 |    70 |    66 ||   182
Block: Buckler           |       |       |    20 ||    20

Table legend: (Time is in decaauts)
 A = Elapsed time spent in this place.
 B = Non-inter-level travel time spent in this place.
 C = Inter-level travel time spent in this place.
 D = Time resting spent in this place.
 E = Time spent auto-exploring this place.
 F = Levels seen in this place.
 G = Mean time per level.
                   A        B        C        D        E       F      G
               +--------+--------+--------+--------+--------+-----+--------+
         Total |   9292 |   8997 |    295 |   2989 |   5191 |   7 | 1327.4 |
       Dungeon |   9014 |   8746 |    268 |   2989 |   4956 |   6 | 1502.3 |
        Temple |    277 |    251 |     26 |      0 |    235 |   1 |  277.0 |
               +--------+--------+--------+--------+--------+-----+--------+

Top non-repeatable levels by time:
     D:4: 3160 daAuts
     D:5: 2150 daAuts
     D:1: 1221 daAuts
     D:2: 1120 daAuts
     D:3: 970 daAuts
     D:6: 390 daAuts
  Temple: 277 daAuts
